[ AOE2 MATCH · #472411542 ]
Team RMWei vs Lithuanians
[ REPLAY ANALYSIS · EXTRACTED FROM THE RECORDED GAME ]
Feudal
12:43
Castle
25:09
Imperial
—
| APM avg | 16.7 |
| APM peak | 42 |
| eAPM avg | 11.9 |
| Villagers / military | 36 / 26 |
Focus
⚔️ 41.4% · 🌾 58.6%
Archer ×12 · Spearman ×7 · Unknown (1949) ×6 · Battering Ram ×4 · Militia ×3
Feudal
13:09
Castle
26:32
Imperial
—
| APM avg | 11.9 |
| APM peak | 25 |
| eAPM avg | 9.1 |
| Villagers / military | 61 / 34 |
Focus
⚔️ 22.7% · 🌾 77.3%
Scout Cavalry ×15 · Archer ×8 · Skirmisher ×6 · Rattan Archer ×3 · Spearman ×2
Feudal
—
Castle
—
Imperial
—
| APM avg | 20.8 |
| APM peak | 48 |
| eAPM avg | 14.5 |
| Villagers / military | 81 / 43 |
Focus
⚔️ 31.4% · 🌾 68.6%
Skirmisher ×15 · Knight ×12 · Spearman ×9 · Battering Ram ×4 · Archer ×2 · Militia ×1
Feudal
15:22
Castle
25:05
Imperial
—
| APM avg | 14.9 |
| APM peak | 29 |
| eAPM avg | 7.2 |
| Villagers / military | 38 / 33 |
Focus
⚔️ 27.3% · 🌾 72.7%
Knight ×10 · Scout Cavalry ×7 · Spearman ×6 · Skirmisher ×6 · Militia ×2 · Monk ×2
Match map
Resources at game start + every placement click. Thick line = wall · dashed box = detected house wall. 🟡 gold · ⚪ stone · 🟢 berries · 🔶 boar · ⭕ relic
Inputs per minute
— PicanteMartinez - - ConanArthurSmith
Build order — PicanteMartinez
128 actions detected in the replay
| 0:04 | Build | House |
| 0:07 | Create | Villager (Male) |
| 0:08 | Create | Villager (Male) |
| 0:08 | Create | Villager (Male) |
| 0:08 | Create | Villager (Male) |
| 0:09 | Create | Villager (Male) |
| 0:19 | Research | Loom |
| 1:52 | Build | Palisade Wall |
| 2:03 | Build | House |
| 2:05 | Create | Villager (Male) ×2 |
| 2:29 | Create | Villager (Male) |
| 2:37 | Build | Lumber Camp |
| 3:35 | Create | Villager (Male) |
| 3:35 | Create | Villager (Male) |
| 3:38 | Build | House |
| 5:09 | Create | Villager (Male) |
| 5:17 | Build | Mill |
| 6:25 | Create | Villager (Male) |
| 6:25 | Create | Villager (Male) |
| 6:25 | Create | Villager (Male) |
| 6:26 | Create | Villager (Male) |
| 7:28 | Create | Villager (Male) ×3 |
| 8:19 | Build | Lumber Camp |
| 8:44 | Create | Villager (Male) |
| 8:45 | Create | Villager (Male) |
| 8:53 | Build | Mining Camp |
| 9:10 | Build | Farm |
| 9:10 | Build | Farm |
| 9:10 | Build | Farm |
| 9:11 | Build | Farm |
| 9:44 | Create | Villager (Male) |
| 9:53 | Build | House |
| 10:27 | Create | Villager (Male) |
| 10:33 | Research | Feudal Age |
| 10:34 | Research | Feudal Age |
| 10:47 | Build | Outpost |
| 11:26 | Build | Barracks |
| 11:43 | Build | Mining Camp |
| 12:13 | Build | Farm |
| 12:43 | Age | Feudal Age |
| 12:45 | Build | Farm |
| 12:50 | Research | Town Watch |
| 13:28 | Build | Watch Tower |
| 13:31 | Research | Double-Bit Axe |
| 13:51 | Research | Wheelbarrow |
| 14:32 | Build | Stone Wall |
| 14:41 | Create | Militia |
| 14:42 | Create | Militia |
| 14:44 | Create | Militia |
| 14:54 | Build | Archery Range |
| 15:53 | Create | Archer |
| 15:53 | Create | Archer |
| 15:53 | Create | Archer |
| 15:53 | Create | Archer |
| 16:04 | Create | Villager (Male) |
| 16:07 | Create | Villager (Male) |
| 16:37 | Build | House |
| 16:46 | Build | House |
| 16:53 | Create | Villager (Male) |
| 16:54 | Create | Villager (Male) |
| 17:08 | Build | Watch Tower |
| 17:35 | Build | Farm |
| 17:59 | Create | Archer |
| 17:59 | Create | Archer |
| 18:04 | Build | Farm |
| 18:51 | Build | Building 487 |
| 19:10 | Build | Farm |
| 19:24 | Research | Horse Collar |
| 19:34 | Build | House |
| 19:39 | Create | Villager (Male) |
| 19:40 | Create | Villager (Male) |
| 19:50 | Build | Farm |
| 20:41 | Build | Farm |
| 20:41 | Build | Farm |
| 22:03 | Build | Market |
| 22:08 | Build | Blacksmith |
| 22:14 | Create | Archer |
| 22:14 | Create | Archer |
| 22:22 | Create | Archer |
| 22:22 | Create | Archer |
| 22:30 | Research | Castle Age |
| 22:30 | Research | Castle Age |
| 22:34 | Research | Fletching |
| 22:34 | Research | Padded Archer Armor |
| 22:56 | Create | Spearman ×3 |
| 23:33 | Create | Spearman |
| 23:33 | Create | Spearman |
| 23:40 | Research | Stone Mining |
| 23:44 | Build | House |
| 23:56 | Research | Scale Mail Armor |
| 24:26 | Build | House |
| 24:28 | Build | House |
| 24:28 | Build | House |
| 24:28 | Build | House |
| 24:29 | Build | House |
| 24:29 | Build | House |
| 24:33 | Build | Farm |
| 25:09 | Age | Castle Age |
| 25:16 | Research | Crossbowman (upgrade) |
| 25:18 | Research | Squires |
| 25:37 | Build | Mining Camp |
| 26:32 | Build | Castle |
| 26:38 | Research | Thumb Ring |
| 26:38 | Create | Archer |
| 26:38 | Create | Archer |
| 26:50 | Build | Siege Workshop |
| 27:00 | Create | Villager (Male) ×3 |
| 27:41 | Build | Stone Wall |
| 28:00 | Create | Battering Ram |
| 28:01 | Create | Battering Ram |
| 28:03 | Create | Villager (Male) |
| 28:03 | Create | Villager (Male) |
| 28:03 | Create | Villager (Male) |
| 28:16 | Build | Farm |
| 28:24 | Research | Gold Mining |
| 28:39 | Create | Battering Ram |
| 28:55 | Create | Unit 1949 ×3 |
| 29:00 | Create | Battering Ram |
| 29:11 | Create | Spearman ×2 |
| 29:35 | Create | Unit 1949 |
| 29:51 | Create | Villager (Male) ×2 |
| 30:01 | Build | Mining Camp |
| 30:44 | Create | Unit 1949 |
| 31:03 | Build | Building 490 |
| 32:16 | Create | Unit 1949 |
| 32:40 | Research | Hand Cart |
| 32:59 | Build | Mining Camp |
| 33:08 | Build | Castle |
Build order — ConanArthurSmith
First 150 of 166 actions detected
| 0:01 | Create | Villager (Male) |
| 0:01 | Create | Villager (Male) |
| 0:01 | Create | Villager (Male) |
| 0:02 | Create | Villager (Male) |
| 0:02 | Create | Villager (Male) |
| 0:05 | Build | House |
| 0:07 | Build | House |
| 1:47 | Research | Loom |
| 1:58 | Create | Villager (Male) |
| 1:58 | Create | Villager (Male) |
| 2:50 | Build | Lumber Camp |
| 2:53 | Build | House |
| 2:56 | Create | Villager (Male) |
| 2:57 | Create | Villager (Male) |
| 2:57 | Create | Villager (Male) |
| 3:29 | Create | Villager (Male) |
| 4:01 | Create | Villager (Male) |
| 4:01 | Create | Villager (Male) |
| 4:43 | Create | Villager (Male) |
| 4:44 | Create | Villager (Male) |
| 4:59 | Create | Villager (Male) |
| 4:59 | Create | Villager (Male) |
| 5:47 | Create | Villager (Male) |
| 6:15 | Create | Villager (Male) |
| 6:16 | Create | Villager (Male) |
| 6:39 | Create | Villager (Male) |
| 6:39 | Create | Villager (Male) |
| 7:04 | Create | Villager (Male) |
| 7:06 | Create | Villager (Male) |
| 7:11 | Build | Mill |
| 7:14 | Build | House |
| 7:43 | Build | Mining Camp |
| 8:03 | Create | Villager (Male) |
| 8:29 | Create | Villager (Male) |
| 8:30 | Create | Villager (Male) |
| 9:04 | Build | Farm |
| 9:11 | Create | Villager (Male) |
| 9:31 | Create | Villager (Male) |
| 10:19 | Create | Villager (Male) |
| 10:26 | Build | House |
| 10:39 | Build | Farm |
| 10:45 | Build | Farm |
| 10:50 | Build | Farm |
| 10:59 | Research | Feudal Age |
| 11:27 | Build | Farm |
| 12:10 | Build | Barracks |
| 13:09 | Age | Feudal Age |
| 13:14 | Research | Double-Bit Axe |
| 13:45 | Build | Blacksmith |
| 13:50 | Create | Villager (Male) |
| 13:51 | Create | Villager (Male) |
| 13:54 | Research | Wheelbarrow |
| 14:32 | Build | Stable |
| 14:38 | Create | Villager (Male) |
| 15:00 | Research | Horse Collar |
| 15:27 | Build | House |
| 15:29 | Build | House |
| 15:32 | Build | House |
| 15:37 | Research | Scale Barding Armor |
| 15:40 | Research | Bloodlines |
| 16:02 | Build | Farm |
| 16:04 | Build | Farm |
| 16:07 | Build | Farm |
| 16:09 | Create | Villager (Male) |
| 16:13 | Build | Farm |
| 16:25 | Build | Market |
| 16:38 | Create | Villager (Male) |
| 16:43 | Build | Farm |
| 16:55 | Create | Scout Cavalry |
| 17:04 | Build | Farm |
| 17:14 | Create | Villager (Male) |
| 17:15 | Create | Villager (Male) |
| 17:27 | Build | Mining Camp |
| 17:30 | Create | Villager (Male) |
| 17:31 | Create | Villager (Male) |
| 17:39 | Build | Farm |
| 17:40 | Create | Villager (Male) |
| 17:41 | Create | Villager (Male) |
| 18:00 | Create | Scout Cavalry |
| 18:08 | Build | Farm |
| 18:16 | Build | Farm |
| 18:18 | Create | Scout Cavalry |
| 18:39 | Create | Villager (Male) |
| 18:41 | Create | Villager (Male) |
| 18:46 | Create | Scout Cavalry |
| 19:04 | Create | Villager (Male) |
| 19:22 | Create | Villager (Male) |
| 19:29 | Research | Fletching |
| 19:34 | Build | Lumber Camp |
| 19:43 | Build | Farm |
| 20:11 | Create | Villager (Male) |
| 20:19 | Build | Farm |
| 20:46 | Create | Villager (Male) |
| 20:53 | Build | Farm |
| 21:02 | Create | Villager (Male) |
| 21:11 | Build | Farm |
| 21:38 | Research | Forging |
| 21:41 | Create | Villager (Male) |
| 21:42 | Create | Villager (Male) |
| 22:06 | Build | Archery Range |
| 22:19 | Create | Scout Cavalry |
| 22:49 | Create | Scout Cavalry |
| 23:04 | Build | House |
| 23:06 | Build | House |
| 23:39 | Build | Archery Range |
| 23:48 | Create | Archer |
| 23:48 | Create | Archer |
| 23:49 | Create | Skirmisher |
| 23:49 | Create | Skirmisher |
| 23:52 | Research | Castle Age |
| 24:19 | Create | Skirmisher |
| 24:19 | Create | Skirmisher |
| 24:19 | Create | Archer |
| 24:20 | Create | Archer |
| 24:49 | Create | Spearman |
| 24:49 | Create | Spearman |
| 25:03 | Build | Stone Wall |
| 25:09 | Build | Building 673 |
| 25:16 | Create | Scout Cavalry |
| 25:17 | Create | Scout Cavalry |
| 25:17 | Create | Scout Cavalry |
| 25:21 | Create | Skirmisher |
| 25:21 | Create | Skirmisher |
| 25:21 | Create | Archer |
| 25:22 | Create | Archer |
| 25:22 | Create | Archer |
| 25:22 | Create | Archer |
| 26:32 | Age | Castle Age |
| 26:34 | Build | House |
| 26:35 | Build | House |
| 26:57 | Research | Pikeman (upgrade) |
| 27:44 | Build | Castle |
| 27:51 | Research | Thumb Ring |
| 28:20 | Build | Stone Wall |
| 28:51 | Build | Archery Range |
| 28:57 | Build | Siege Workshop |
| 29:03 | Research | Bow Saw |
| 29:06 | Create | Villager (Male) |
| 29:06 | Create | Villager (Male) |
| 29:07 | Create | Villager (Male) |
| 29:11 | Research | Light Cavalry (upgrade) |
| 29:39 | Build | Castle |
| 29:49 | Create | Villager (Male) |
| 29:50 | Create | Villager (Male) |
| 29:52 | Research | Gold Mining |
| 30:09 | Build | Farm |
| 30:13 | Build | Farm |
| 30:15 | Build | Farm |
| 30:34 | Build | Stone Wall |
| 30:54 | Create | Villager (Male) |
Build order — CHONNR10
First 150 of 201 actions detected
| 0:22 | Build | House |
| 0:24 | Build | House |
| 0:27 | Create | Villager (Male) |
| 0:27 | Create | Villager (Male) |
| 0:27 | Create | Villager (Male) |
| 0:28 | Create | Villager (Male) |
| 1:57 | Create | Villager (Male) |
| 2:18 | Create | Villager (Male) |
| 2:18 | Create | Villager (Male) |
| 2:52 | Create | Villager (Male) |
| 3:21 | Create | Villager (Male) |
| 3:51 | Create | Villager (Male) |
| 3:52 | Create | Villager (Male) |
| 4:07 | Create | Villager (Male) |
| 4:36 | Build | Palisade Wall |
| 4:44 | Create | Villager (Male) |
| 4:44 | Create | Villager (Male) |
| 5:13 | Build | Lumber Camp |
| 5:15 | Create | Villager (Male) |
| 5:24 | Build | House |
| 5:37 | Create | Villager (Male) |
| 5:46 | Build | House |
| 6:00 | Create | Villager (Male) |
| 6:42 | Create | Villager (Male) |
| 6:51 | Build | Mill |
| 6:57 | Create | Villager (Male) |
| 7:28 | Create | Villager (Male) |
| 7:28 | Create | Villager (Male) |
| 8:11 | Create | Villager (Male) |
| 8:30 | Create | Villager (Male) |
| 9:11 | Build | Lumber Camp |
| 9:20 | Create | Villager (Male) |
| 9:20 | Create | Villager (Male) |
| 9:53 | Build | Mill |
| 9:56 | Create | Villager (Male) |
| 10:17 | Research | Feudal Age |
| 10:53 | Build | House |
| 10:57 | Build | House |
| 13:04 | Create | Villager (Male) |
| 13:05 | Create | Villager (Male) |
| 13:13 | Build | Market |
| 13:22 | Build | Farm |
| 13:27 | Build | Farm |
| 13:33 | Build | Lumber Camp |
| 13:35 | Create | Villager (Male) |
| 13:38 | Build | Mining Camp |
| 14:12 | Build | Watch Tower |
| 14:19 | Create | Villager (Male) |
| 14:32 | Research | Double-Bit Axe |
| 14:36 | Create | Villager (Male) |
| 15:13 | Create | Villager (Male) |
| 15:19 | Create | Villager (Male) |
| 15:20 | Create | Villager (Male) |
| 15:29 | Build | Farm |
| 15:30 | Build | Farm |
| 15:32 | Build | Farm |
| 15:35 | Build | Farm |
| 15:47 | Build | Farm |
| 15:49 | Build | Farm |
| 15:50 | Build | Farm |
| 16:11 | Build | Mining Camp |
| 16:26 | Create | Villager (Male) |
| 16:42 | Build | House |
| 16:46 | Build | Farm |
| 16:54 | Build | Stone Wall |
| 17:27 | Build | Building 673 |
| 17:35 | Create | Villager (Male) |
| 17:36 | Create | Villager (Male) |
| 17:57 | Build | Blacksmith |
| 18:02 | Create | Villager (Male) |
| 18:06 | Create | Villager (Male) |
| 18:29 | Research | Castle Age |
| 18:38 | Build | Farm |
| 18:40 | Build | Farm |
| 18:43 | Research | Stone Mining |
| 18:43 | Research | Gold Mining |
| 18:57 | Build | Lumber Camp |
| 19:17 | Build | Stone Wall |
| 19:22 | Build | Building 673 |
| 19:25 | Create | Villager (Male) |
| 19:29 | Build | Farm |
| 19:53 | Build | Barracks |
| 20:39 | Create | Militia |
| 20:41 | Create | Spearman |
| 20:41 | Create | Spearman |
| 20:45 | Build | Barracks |
| 20:59 | Build | Watch Tower |
| 21:02 | Create | Villager (Male) |
| 21:12 | Create | Spearman |
| 21:12 | Create | Spearman |
| 21:20 | Create | Villager (Male) |
| 21:28 | Build | Stable |
| 21:31 | Build | Archery Range |
| 21:34 | Create | Villager (Male) |
| 22:05 | Build | Town Center |
| 22:14 | Create | Archer |
| 22:15 | Create | Archer |
| 22:19 | Research | Wheelbarrow |
| 22:31 | Build | House |
| 22:32 | Build | House |
| 22:36 | Create | Villager (Male) |
| 23:14 | Create | Knight |
| 23:14 | Create | Knight |
| 23:16 | Research | Husbandry |
| 23:18 | Research | Scale Barding Armor |
| 23:18 | Research | Forging |
| 23:21 | Build | House |
| 23:23 | Build | House |
| 23:25 | Create | Villager (Male) |
| 23:48 | Build | Town Center |
| 23:54 | Create | Villager (Male) |
| 24:04 | Create | Villager (Male) |
| 24:04 | Create | Villager (Male) |
| 24:04 | Create | Villager (Male) |
| 24:05 | Create | Villager (Male) |
| 24:05 | Create | Villager (Male) |
| 24:19 | Create | Knight |
| 24:20 | Create | Knight |
| 24:36 | Build | Watch Tower |
| 24:48 | Create | Skirmisher |
| 24:48 | Create | Skirmisher |
| 24:48 | Create | Skirmisher |
| 24:49 | Create | Skirmisher |
| 24:57 | Create | Villager (Male) |
| 25:16 | Create | Villager (Male) |
| 25:16 | Create | Villager (Male) |
| 25:16 | Create | Villager (Male) |
| 25:17 | Create | Villager (Male) |
| 25:36 | Create | Spearman |
| 25:37 | Research | Squires |
| 25:58 | Build | Farm |
| 26:06 | Create | Villager (Male) |
| 26:06 | Create | Villager (Male) |
| 26:06 | Create | Villager (Male) |
| 26:10 | Build | Farm |
| 26:52 | Build | Castle |
| 27:00 | Research | Padded Archer Armor |
| 27:13 | Research | Pikeman (upgrade) |
| 27:14 | Create | Spearman |
| 27:14 | Create | Spearman |
| 27:14 | Create | Spearman |
| 27:15 | Create | Spearman |
| 27:29 | Build | Farm |
| 27:30 | Create | Villager (Male) |
| 27:30 | Create | Villager (Male) |
| 27:30 | Create | Villager (Male) |
| 28:34 | Create | Villager (Male) |
| 28:34 | Create | Villager (Male) |
| 28:35 | Create | Villager (Male) |
| 28:35 | Create | Villager (Male) |
Build order — JEMAMJJASOND
142 actions detected in the replay
| 0:02 | Create | Villager (Male) |
| 0:02 | Create | Villager (Male) |
| 0:04 | Build | House |
| 0:06 | Build | House |
| 1:30 | Create | Villager (Male) |
| 1:30 | Create | Villager (Male) |
| 1:30 | Create | Villager (Male) |
| 1:31 | Create | Villager (Male) |
| 1:56 | Create | Villager (Male) |
| 2:38 | Build | Lumber Camp |
| 2:58 | Create | Villager (Male) |
| 5:01 | Create | Villager (Male) |
| 5:02 | Create | Villager (Male) |
| 5:02 | Create | Villager (Male) |
| 5:02 | Create | Villager (Male) |
| 5:03 | Create | Villager (Male) |
| 6:11 | Create | Villager (Male) |
| 6:11 | Create | Villager (Male) |
| 6:49 | Build | House |
| 7:00 | Research | Loom |
| 7:38 | Create | Villager (Male) |
| 8:12 | Build | Mill |
| 9:09 | Build | Farm |
| 9:14 | Create | Villager (Male) |
| 9:20 | Build | House |
| 9:39 | Build | Mining Camp |
| 9:56 | Create | Villager (Male) |
| 9:58 | Create | Villager (Male) |
| 10:35 | Create | Villager (Male) |
| 10:37 | Create | Villager (Male) |
| 10:38 | Create | Villager (Male) |
| 10:40 | Create | Villager (Male) |
| 10:42 | Create | Villager (Male) |
| 11:06 | Build | Barracks |
| 11:34 | Research | Feudal Age |
| 11:55 | Build | House |
| 12:09 | Build | Farm |
| 13:15 | Create | Militia |
| 13:16 | Create | Militia |
| 13:44 | Build | Farm |
| 13:54 | Build | House |
| 13:55 | Build | House |
| 13:57 | Build | House |
| 13:59 | Build | House |
| 14:39 | Create | Villager (Male) |
| 14:40 | Create | Villager (Male) |
| 15:22 | Age | Feudal Age |
| 15:27 | Create | Spearman |
| 15:27 | Create | Spearman |
| 15:53 | Build | Stable |
| 16:02 | Build | Farm |
| 16:06 | Create | Villager (Male) |
| 16:06 | Research | Wheelbarrow |
| 16:20 | Build | Blacksmith |
| 16:32 | Build | Market |
| 16:35 | Build | Farm |
| 16:40 | Build | Farm |
| 16:40 | Build | Farm |
| 16:40 | Build | Farm |
| 16:40 | Build | Farm |
| 16:41 | Build | Farm |
| 16:41 | Build | Farm |
| 16:41 | Build | Farm |
| 16:42 | Build | Farm |
| 16:42 | Build | Farm |
| 16:42 | Build | Farm |
| 16:49 | Research | Double-Bit Axe |
| 16:58 | Create | Scout Cavalry |
| 16:58 | Create | Scout Cavalry |
| 17:26 | Build | Farm |
| 17:30 | Build | Farm |
| 17:44 | Create | Scout Cavalry |
| 17:56 | Create | Villager (Male) |
| 17:56 | Create | Villager (Male) |
| 17:57 | Create | Villager (Male) |
| 18:04 | Build | Farm |
| 18:18 | Research | Horse Collar |
| 18:42 | Build | Farm |
| 19:15 | Research | Bloodlines |
| 19:30 | Research | Forging |
| 19:34 | Research | Fletching |
| 19:59 | Build | Archery Range |
| 20:15 | Create | Scout Cavalry |
| 20:16 | Create | Scout Cavalry |
| 20:20 | Create | Villager (Male) |
| 20:20 | Create | Villager (Male) |
| 21:11 | Build | Farm |
| 21:25 | Build | Stable |
| 21:31 | Create | Villager (Male) |
| 22:04 | Build | Farm |
| 22:25 | Research | Castle Age |
| 23:07 | Build | Barracks |
| 23:23 | Create | Scout Cavalry |
| 23:24 | Create | Scout Cavalry |
| 23:26 | Create | Skirmisher |
| 23:26 | Create | Skirmisher |
| 23:28 | Create | Skirmisher |
| 23:32 | Research | Padded Archer Armor |
| 23:41 | Create | Villager (Male) |
| 23:42 | Create | Villager (Male) |
| 23:44 | Create | Villager (Male) |
| 24:31 | Build | Stable |
| 24:34 | Build | Stable |
| 24:48 | Build | Archery Range |
| 25:05 | Age | Castle Age |
| 25:09 | Research | Scale Barding Armor |
| 25:10 | Research | Iron Casting |
| 25:21 | Build | Monastery |
| 25:35 | Research | Bow Saw |
| 25:40 | Build | Farm |
| 26:00 | Build | House |
| 26:06 | Build | House |
| 26:08 | Build | House |
| 26:12 | Create | Monk |
| 26:16 | Create | Monk |
| 26:19 | Build | House |
| 26:20 | Build | House |
| 26:22 | Build | House |
| 26:23 | Build | House |
| 26:24 | Build | House |
| 26:45 | Create | Knight |
| 26:45 | Create | Knight |
| 26:46 | Create | Knight |
| 26:50 | Create | Knight |
| 26:50 | Create | Knight |
| 26:51 | Create | Knight |
| 27:02 | Build | Farm |
| 29:00 | Create | Villager (Male) |
| 29:00 | Create | Villager (Male) |
| 29:30 | Create | Knight |
| 29:31 | Create | Knight |
| 29:31 | Create | Knight |
| 29:32 | Create | Knight |
| 29:41 | Create | Skirmisher |
| 29:42 | Create | Skirmisher |
| 29:42 | Create | Skirmisher |
| 30:15 | Research | Pikeman (upgrade) |
| 30:16 | Research | Squires |
| 30:17 | Create | Spearman |
| 30:18 | Create | Spearman |
| 30:18 | Create | Spearman |
| 30:18 | Create | Spearman |
Match timeline
| 1:52 | PicanteMartinez · wall_segment Palisade Wall x10 |
| 4:36 | CHONNR10 · wall_segment Palisade Wall x6 |
| 11:06 | JEMAMJJASOND · first_building Barracks |
| 11:26 | PicanteMartinez · first_building Barracks |
| 12:10 | ConanArthurSmith · first_building Barracks |
| 12:43 | PicanteMartinez · age_up feudal |
| 13:09 | ConanArthurSmith · age_up feudal |
| 14:32 | ConanArthurSmith · first_building Stable |
| 14:32 | PicanteMartinez · wall_segment Stone Wall x7 |
| 14:40 | CHONNR10 · first_market_sell 100 wood |
| 14:54 | PicanteMartinez · first_building Archery Range |
| 15:22 | JEMAMJJASOND · age_up feudal |
| 15:53 | JEMAMJJASOND · first_building Stable |
| 16:54 | CHONNR10 · wall_segment Stone Wall x7 |
| 19:17 | CHONNR10 · wall_segment Stone Wall x7 |
| 19:53 | CHONNR10 · first_building Barracks |
| 19:59 | JEMAMJJASOND · first_building Archery Range |
| 21:28 | CHONNR10 · first_building Stable |
| 21:31 | CHONNR10 · first_building Archery Range |
| 22:06 | ConanArthurSmith · first_building Archery Range |
| 22:16 | ConanArthurSmith · first_market_buy 100 food |
| 22:17 | JEMAMJJASOND · first_market_buy 100 food |
| 25:03 | ConanArthurSmith · wall_segment Stone Wall x11 |
| 25:05 | JEMAMJJASOND · age_up castle |
| 25:09 | PicanteMartinez · age_up castle |
| 25:21 | JEMAMJJASOND · first_building Monastery |
| 26:32 | ConanArthurSmith · age_up castle |
| 26:32 | PicanteMartinez · first_building Castle |
| 26:45 | CHONNR10 · first_market_buy 100 stone |
| 26:50 | PicanteMartinez · first_building Siege Workshop |
| 26:52 | CHONNR10 · first_building Castle |
| 27:41 | PicanteMartinez · wall_segment Stone Wall x10 |
| 27:44 | ConanArthurSmith · first_building Castle |
| 28:11 | CHONNR10 · tribute_sent a jugador 1 |
| 28:11 | CHONNR10 · tribute_sent a jugador 3 |
| 28:11 | CHONNR10 · tribute_sent a jugador 4 |
| 28:20 | ConanArthurSmith · wall_segment Stone Wall x10 |
| 28:57 | ConanArthurSmith · first_building Siege Workshop |
| 30:16 | CHONNR10 · first_building Siege Workshop |
| 30:34 | ConanArthurSmith · wall_segment Stone Wall x8 |
| 31:10 | PicanteMartinez · tribute_sent a jugador 1 |
| 31:10 | PicanteMartinez · tribute_sent a jugador 2 |
| 31:10 | PicanteMartinez · tribute_sent a jugador 3 |
| 32:27 | JEMAMJJASOND · resign |
[ AI ANALYSIS · 1 CREDIT ]
What really happened in this match?
Wolo.gg analyzes every decision: build order, eco, micro, common mistakes by bracket. Personalized analysis on WhatsApp or Discord in 30 seconds.
Civ guide
Wei
Map guide
Black Forest
Perfil
PicanteMartinez